 Dungeon Crawl Stone Soup version 0.24-a0-284-g9fb9971 (webtiles) character file.

Game seed: 6315667347089750989

90 Anon1729 the Sneak (level 4, 0/35 HPs)
             Began as a Vampire Monk on May 4, 2019.
             Succumbed to a goblin's poison
             ... while paralysed
             ... on level 2 of the Dungeon.
             The game lasted 00:03:26 (1669 turns).

Anon1729 the Sneak (Vampire Monk)                   Turns: 1669, Time: 00:03:27

Health: 0/35       AC:  7    Str: 10    XL:     4   Next: 32%
Magic:  4/4        EV:  2    Int: 17    God:
Gold:   71         SH:  0    Dex: 17    Spells: 3/3 levels left

rFire    . . .     SeeInvis +   a - +0 falchion
rCold    . . .     Gourm    .   (no shield)
rNeg     + . .     Faith    .   e - +1 robe
rPois    .         Spirit   .   (no helmet)
rElec    .         Reflect  .   k - +0 cloak
rCorr    .         Harm     .   h - +2 pair of gloves
MR       .....                  (no boots)
Stlth    +++.......             (no amulet)
HPRegen  0.11/turn              (no ring)
MPRegen  0.09/turn              (no ring)

@: paralysed, brilliant, lethally poisoned (0 -> -7), berserk cooldown, flying,
slowed
A: fangs 3, see invisible, unbreathing
a: Bat Form


You were on level 2 of the Dungeon.
You were not thirsty.

You visited 1 branch of the dungeon, and saw 3 of its levels.

You collected 71 gold pieces.

Inventory:

Hand Weapons
 a - a +0 falchion (weapon)
 l - a +2 dagger of venom
Armour
 e - a +1 robe (worn)
 h - a +2 pair of gloves (worn)
 j - a +3 scale mail
 k - a +0 cloak (worn)
Scrolls
 b - a scroll of enchant weapon {unknown}
 i - 3 scrolls of identify {unknown}
Potions
 c - 20 potions of blood
 f - 2 potions of brilliance


   Skills:
 + Level 3.2 Fighting
 + Level 4.0 Long Blades
 + Level 3.8 Dodging
 + Level 4.1 Stealth
 + Level 0.1 Unarmed Combat


You had 3 spell levels left.
You didn't know any spells.
Your spell library was empty.

Dungeon Overview and Level Annotations

Branches:
Dungeon (3/15)

Altars:

Annotations:
D:2 exclusion: orc priest
D:3 Robin


Innate Abilities, Weirdness & Mutations

You have razor-sharp teeth.
You have supernaturally acute eyesight. (SInv)
You can survive without breathing.


Message History

The goblin unwields a +0 hunting sling.
The goblin barely misses you.
Robin roars a battlecry!
The goblins go into a battle-frenzy!
The goblin misses you.
There is a stone staircase leading up here.
You see here a stone.
You feel your anger nearly subside.
You feel sick. The goblin misses you. The goblin hits you with a +0 dagger.
* * * LOW HITPOINT WARNING * * *
The orc closely misses you. The hobgoblin completely misses you.
You fly upwards.
Level annotation: exclusion: orc priest You are no longer berserk.
You pass out from exhaustion.
You feel yourself slow down.
* * * LOW HITPOINT WARNING * * *
You feel sick. The goblin hits you.
* * * LOW HITPOINT WARNING * * *
The goblin barely misses you.
The goblin hits you but does no damage. x2
You die...

#.. ###########.. #............
#............ #............
#............
#########............
#..gg).............#.
#############...@g÷.........<....
...............gg..............#.
######..#####........#######...#.
# #..........)....# #####..... #
#####..######..## #.†...#... #
##.......######..# #.#####... #
##............##<.###.# #....
####.........###.##......#####...
..##.........# #..#..#...........


You could see a hobgoblin and 4 goblins.

Vanquished Creatures
  Jessica (D:2)
  An adder (D:2)
  A dart slug (D:1)
  2 leopard geckos
  4 giant cockroaches
  10 goblins
  7 hobgoblins
  9 bats
  2 frilled lizards
  4 kobolds
  4 rats
45 creatures vanquished.

Notes
Turn   | Place    | Note
-------+----------+-------------------------------------------
     0 | D:1      | Anon1729 the Vampire Monk began the quest for the Orb.
     0 | D:1      | Reached XP level 1. HP: 17/17 MP: 1/1
    74 | D:1      | Reached XP level 2. HP: 13/23 MP: 2/2
   747 | D:1      | Reached XP level 3. HP: 28/29 MP: 3/3
   878 | D:2      | Noticed Jessica
   913 | D:2      | Killed Jessica
  1375 | D:2      | Noticed an orc warrior
  1409 | D:2      | Reached XP level 4. HP: 27/35 MP: 4/4
  1623 | D:3      | Noticed Robin
  1668 | D:2      | HP: 1/35 [goblin[Robin] (4)]
  1669 | D:2      | Succumbed to a goblin's poison

Levels and vault maps discovered:
D:1:      scummos_arrival_hexagon, layout_loops_ring
D:2:      layout_rooms, uniq_jessica
D:3:      layout_basic, okawaru_gym_becter, uniq_terence, uniq_ijyb, uniq_robin

Skill      XL: |  1  2  3  4 |
---------------+-------------+-----
Fighting       | 3 |  3.2
Long Blades    | 4 |  4.0
Stealth        | 4 |  4.1
Dodging        | |  3.8
Unarmed Combat | |  0.1

Action                   |  1- 3 |  4- 6 || total
-------------------------+-------+-------++-------
Melee: Falchion          |    65 |    28 ||    93
       Bite              |    13 |     2 ||    15
       Unarmed           |    25 |       ||    25
 Abil: End Transformatio |     1 |       ||     1
       Bat Form          |     1 |       ||     1
  Use: Potion            |       |     6 ||     6
 Stab: Sleeping          |     8 |     2 ||    10
Armor: Robe              |    12 |    13 ||    25
Dodge: Dodged            |    92 |    38 ||   130
       Rpst.: Falchion   |    26 |    10 ||    36

Table legend:
 A = Non-vault XP
 B = Vault XP
 C = Vault XP percentage of total XP
 D = Non-vault monster count
 E = Vault monster count
 F = Vault count percentage of total count
                 A         B        C        D         E       F
            +---------+---------+-------+---------+---------+-------
      Total |      82 |      47 |  36.4 |      39 |       6 |  13.3
            +---------+---------+-------+---------+---------+-------
        D:1 |      48 |       0 |   0.0 |      27 |       0 |   0.0
        D:2 |      33 |      45 |  57.7 |      11 |       5 |  31.2
        D:3 |       1 |       2 |  66.7 |       1 |       1 |  50.0
            +---------+---------+-------+---------+---------+-------
